 Dungeon Crawl Stone Soup version 0.18-a0-241-g014938f (webtiles) character file.

80 Proton the Shield-Bearer (level 4, -6/37 HPs)
             Began as a Formicid Fighter on Nov 25, 2015.
             Killed from afar by an orc wizard (9 damage)
             ... with a puff of frost
             ... on level 3 of the Dungeon.
             The game lasted 00:03:28 (1763 turns).

Proton the Shield-Bearer (Formicid Fighter)         Turns: 1763, Time: 00:03:28

Health: -6/37      AC:  9    Str: 22    XL:     4   Next: 65%
Magic:  4/4        EV:  8    Int:  7    God:
Gold:   86         SH:  9    Dex: 10    Spells: 0 memorised, 3 levels left

rFire  . . .     SeeInvis +     a - +0 war axe
rCold  . . .     Clarity  .     b - +0 scale mail
rNeg   . . .     SustAt   .     c - +0 shield
rPois  +         Gourm    .     (helmet unavailable)
rElec  .         Spirit   .     l - +0 cloak
rCorr  .         Warding  .     j - +0 pair of gloves
rMut   .         Stasis   +     (no boots)
MR     .....                    (no amulet)
Stlth  ..........               (no ring)
                                m - ring of poison resistance

@: not resistant to hostile enchantments, extremely unstealthy
A: permanent stasis, dig shafts and tunnels, four strong arms, antennae 3
a: Dig, Shaft Self


You were on level 3 of the Dungeon.
You were not hungry.

You visited 1 branch of the dungeon, and saw 3 of its levels.

You collected 86 gold pieces.

Inventory:

Hand Weapons
 a - a +0 war axe (weapon)
Armour
 b - a +0 scale mail (worn)
 c - a +0 shield (worn)
 j - a +0 pair of gloves (worn)
 l - a +0 cloak (worn)
Jewellery
 m - a ring of poison resistance (left hand)
Scrolls
 f - 3 scrolls of remove curse {unknown}
 h - a scroll of enchant armour {unknown}
 i - 2 scrolls of teleportation {unknown}
 k - 4 scrolls of identify {unknown}
 o - a scroll of immolation {unknown}
Potions
 d - a potion of might
 n - a potion of curing {unknown}
Comestibles
 e - a bread ration
 g - a meat ration


   Skills:
 + Level 3.8 Fighting
 * Level 3.3 Axes
 + Level 3.8 Armour
 + Level 4.1 Shields


You had 3 spell levels left.
You didn't know any spells.

Dungeon Overview and Level Annotations

Branches:
Dungeon (3/15)

Altars:


Innate Abilities, Weirdness & Mutations

You are under a permanent stasis effect.
You can dig through walls and to a lower floor.
Your four strong arms can wield two-handed weapons with a shield.
You have a pair of large antennae on your head (SInv).


Message History

The orc wizard is almost dead.
The orc wizard points at you and mumbles some strange words.
The puff of frost hits you!
* * * LOW HITPOINT WARNING * * *
You hit the orc.
The orc is almost dead.
The orc barely misses you.
There is an open door here.
The orc wizard gestures at you while chanting.
The puff of frost hits you!
* * * LOW HITPOINT WARNING * * *
The orc wizard mumbles some strange words.
The orc wizard flickers and vanishes for a moment.
A goblin opens the door.
You found a teleport trap!
You enter a teleport trap!
The teleport trap disappears.
The orc wizard is no longer moving quickly.
The orc wizard casts a spell at you. The puff of frost hits you!
You die...

#.# #.#.# #.###.#.###
#....).{... ######
###########
#....#######.....#
#..........#.....#
#..........'......
###...o......#.....#
#####<.@.o..g....+.....#
#.รท...#######'##.#.....#
#.....####.......#.#####
#..........##.#..#.#
#........######.##.##
#...................#
#.........#####.....####
#########.# #####.....
#.# ######


You could see an orc wizard (invisible), an orc and a goblin.

Vanquished Creatures
  3 adders
  An ooze (D:1)
  A worm (D:3)
  3 bats
  A giant cockroach (D:1)
  8 goblins
  8 hobgoblins
  A quokka (D:3)
  3 giant geckos
  8 kobolds
  6 rats
43 creatures vanquished.

Notes
Turn   | Place    | Note
--------------------------------------------------------------
     0 | D:1      | Proton the Formicid Fighter began the quest for the Orb.
     0 | D:1      | Reached XP level 1. HP: 18/18 MP: 1/1
   126 | D:1      | Reached XP level 2. HP: 21/24 MP: 2/2
   653 | D:1      | Reached XP level 3. HP: 27/29 MP: 3/3
  1263 | D:2      | Reached XP level 4. HP: 30/37 MP: 4/4
  1510 | D:3      | Reached skill level 4 in Shields
  1763 | D:3      | Killed from afar by an orc wizard

Vault maps used:
D:1:      minmay_arrival_semitransparent, minmay_door_square, st_stairs_2
D:2:      first_bread
D:3:      grunt_decor_one_mirror

Action                   |  1- 3 |  4- 6 || total
-------------------------+-------+-------++-------
Melee: War axe           |   112 |    46 ||   158
 Abil: Dig               |       |     1 ||     1
  Eat: Bread ration      |     1 |       ||     1
